 Dungeon Crawl Stone Soup version 0.29-a0-1016-g236c7fd91e (webtiles) character file.

Game seed: 4558956317471106074

96448 Sobieck the Slayer (level 16, 0/201 HPs)
             Began as an Ogre Berserker on Aug 9, 2022.
             Was a High Priest of Trog.
             Slain by a naga
             ... wielding a +0 war axe
              (8 damage)
             ... on level 1 of the Snake Pit.
             The game lasted 01:21:04 (27280 turns).

Sobieck the Slayer (Ogre Berserker)                Turns: 27280, Time: 01:21:04

Health: 0/201      AC:  8    Str: 31    XL:     16   Next: 16%
Magic:  16/16      EV:  6    Int:  8    God:    Trog [*****.]
Gold:   1307       SH:  0    Dex:  8    Spells: 15/15 levels left

rFire   + . .      SeeInvis .   a - +8 giant spiked club (flame) {mace}
rCold   + . .      Faith    .   (shield currently unavailable)
rNeg    + . .      Spirit   .   W - +0 troll leather armour
rPois   .          Reflect  .   (helmet restricted)
rElec   .          Harm     .   O - +2 cloak
rCorr   +          Rampage  .   (gloves unavailable)
Will    +++..                   (boots unavailable)
Stlth   +.........              H - amulet of regeneration {@e2}
HPRegen 3.03/turn               e - ring of flight
MPRegen 0.15/turn               z - ring of the Cast Vote {Contam rF+ rC+ rN+ rCorr}

@: strong-willed, on berserk cooldown, flying, regenerating, slowed,
constricted, studying Spellcasting, very slow
A: large, unfitting armour, tough skin 1
a: Renounce Religion, Berserk, Trog's Hand, Brothers in Arms


You were on level 1 of the Snake Pit.
You worshipped Trog.
Trog was extremely pleased with you.
You visited 4 branches of the dungeon, and saw 23 of its levels.
You also visited: Trove.

You collected 2796 gold pieces.
You spent 1489 gold pieces at shops.


Innate Abilities, Weirdness & Mutations

You are too large for most types of armour.
You have tough skin. (AC +1)


   Skills:
 + Level 22.4 Fighting
 + Level 15.6 Maces & Flails
 - Level 2.0 Ranged Weapons
 + Level 14.9 Throwing
 - Level 2.6 Dodging


You had 15 spell levels left.
You didn't know any spells.
Your spell library contained the following spells:

 Spells                   Type           Power      Damage    Failure   Level
 Beastly Appendage        Tmut           0%         N/A       43%         1
 Magic Dart               Conj           0%         1d3       43%         1
 Necrotise                Necr           0%         1d4       43%         1
 Sandblast                Erth           0%         2d4       43%         1
 Sting                    Tmut/Pois      0%         1d3       43%         1
 Call Imp                 Summ           0%         N/A       58%         2
 Static Discharge         Conj/Air       0%         3-3/arc   58%         2
 Sublimation of Blood     Necr           0%         N/A       58%         2
 Wereblood                Tmut           0%         N/A       58%         2
 Conjure Flame            Conj/Fire      0%         6-21      82%         3
 Dazzling Flash           Conj/Hex       0%         N/A       82%         3
 Ignite Poison            Fire/Tmut/Pois 0%         N/A       82%         3
 Mephitic Cloud           Conj/Pois/Air  0%         N/A       82%         3
 Spider Form              Tmut/Pois      0%         N/A       82%         3
 Stone Arrow              Conj/Erth      0%         3d7       82%         3
 Vampiric Draining        Necr           0%         2d6       82%         3
 Animate Armour           Summ/Erth      0%         N/A       99%         4
 Animate Dead             Necr           0%         N/A       99%         4
 Dispel Undead            Necr           0%         3d6       99%         4
 Fulminant Prism          Conj/Hex       0%         3d6       99%         4
 Ice Form                 Ice/Tmut       0%         N/A       99%         4
 Iskenderun's Mystic Bla  Conj/Tloc      0%         2d3       99%         4
 Leda's Liquefaction      Hex/Erth       0%         N/A       99%         4
 Sticky Flame             Conj/Fire      0%         2d3       99%         4
 Agony                    Necr           0%         N/A       100%        5
 Alistair's Intoxication  Tmut/Pois      0%         N/A       100%        5
 Blade Hands              Tmut           0%         N/A       100%        5
 Borgnjor's Vile Clutch   Necr/Erth      0%         N/A       100%        5
 Irradiate                Conj/Tmut      0%         3d11      100%        5
 Lee's Rapid Deconstruct  Erth           0%         3d5*      100%        5
 Eringya's Noxious Bog    Tmut/Pois      0%         N/A       100%        6
 Starburst                Conj/Fire      0%         6d3       100%        6
 Statue Form              Tmut/Erth      0%         N/A       100%        6
 Dragon Form              Tmut           0%         N/A       100%        7
 Haunt                    Necr/Summ      0%         N/A       100%        7
 Malign Gateway           Summ/Tloc      0%         N/A       100%        7
 Summon Hydra             Summ           0%         N/A       100%        7
 Infestation              Necr           0%         N/A       100%        8
 Lehudib's Crystal Spear  Conj/Erth      0%         10d2      100%        8
 Summon Horrible Things   Summ           0%         N/A       100%        8

Inventory:

Hand Weapons
 a - a +8 giant spiked club of flaming (weapon) {mace}
   (Trog gifted it to you on level 2 of the Orcish Mines)
 b - a +1 vorpal giant spiked club {mace}
   (Trog gifted it to you on level 14 of the Dungeon)
 m - a +4 giant spiked club {mace}
   (You took it off an ogre on level 7 of the Dungeon)
Missiles
 c - 2 throwing nets {=f!fthrowing}
 q - 3 javelins {throwing}
 w - 2 curare-tipped darts {=fthrowing}
 y - a boomerang {throwing}
 D - 13 atropa-tipped darts {throwing}
 P - 12 large rocks (quivered) {=fthrowing}
 Q - 21 poisoned darts {throwing}
 V - 2 boomerangs of dispersal {=f!fthrowing}
Armour
 O - a +2 cloak (worn)
   (You found it on level 3 of the Lair of Beasts)
 W - a +0 troll leather armour (worn)
   (You found it on level 2 of the Orcish Mines)
Jewellery
 d - the ring "Izuaxzeuxo" {rCorr SInv}
   (You found it in a treasure trove)

   [ring of see invisible]

   SInv:      It lets you see invisible.
   rCorr:     It protects you from acid and corrosion.
 e - a ring of flight (left hand)
   (You found it on level 4 of the Lair of Beasts)
 f - a +4 ring of protection
   (You found it on level 5 of the Dungeon)
 i - the ring of the Tempest {Fire rPois rN+ Str+3 Stlth-}
   (You found it in a treasure trove)

   [ring of fire]

   It enhances your fire magic.
   Str:       It affects your strength (+3).
   rF:        It protects you from fire.
   rC:        It makes you vulnerable to cold.
   rPois:     It protects you from poison.
   rN:        It protects you from negative energy.
   Stlth:     It makes you less stealthy.
 r - a ring of willpower
   (You found it in a treasure trove)
 z - the ring of the Cast Vote (right hand) {Contam rF+ rC+ rN+ rCorr}
   (You found it in a treasure trove)

   [ring of protection from cold]

   rF:        It protects you from fire.
   rC:        It protects you from cold.
   rN:        It protects you from negative energy.
   Contam:    It causes magical contamination when unequipped.
   rCorr:     It protects you from acid and corrosion.
 H - an amulet of regeneration (around neck) {@e2}
   (You found it on level 3 of the Dungeon)
 L - the ring of Curiosity {Ice Will+ Int+3}
   (You found it in a treasure trove)

   [ring of ice]

   It enhances your ice magic.
   Int:       It affects your intelligence (+3).
   rF:        It makes you vulnerable to fire.
   rC:        It protects you from cold.
   Will:      It increases your willpower.
Wands
 p - a wand of digging (8)
   (You found it on level 11 of the Dungeon)
 C - a wand of flame (24)
   (You found it on level 11 of the Dungeon)
 M - a wand of mindburst (24)
   (You took it off Ijyb on level 5 of the Dungeon)
 T - a wand of light (13)
   (You found it on level 8 of the Dungeon)
 U - a wand of paralysis (20)
   (You found it on level 3 of the Dungeon)
 X - a wand of roots (15)
   (You took it off Blork the orc on level 6 of the Dungeon)
Scrolls
 g - 7 scrolls of vulnerability {!r!r}
 h - 16 scrolls of teleportation {@r4}
 s - 3 scrolls of fear
 v - 2 scrolls of enchant armour
 A - 4 scrolls of identify {@r1}
 B - a scroll of noise {!r}
 G - 5 scrolls of immolation {!r!r}
 J - a scroll of summoning
 K - 4 scrolls of blinking {!r}
 N - 2 scrolls of poison {!r}
 Y - a scroll of magic mapping {!r}
Potions
 j - 8 potions of curing {@q1}
 l - 5 potions of heal wounds {@q2}
 n - 2 potions of berserk rage {!q}
 o - 6 potions of attraction {!q}
 u - 2 potions of ambrosia
 x - 3 potions of haste {@q3}
 E - 2 potions of cancellation
 F - 4 potions of mutation {!q}
 I - a potion of might
 R - 4 potions of lignification {!q}
 S - 5 potions of flight
 Z - a potion of magic
Miscellaneous
 k - a lightning rod (4/4)
   (You found it on level 11 of the Dungeon)
 t - a tin of tremorstones (2/2) {throwing}
   (You found it on level 9 of the Dungeon)

Dungeon Overview and Level Annotations

Branches:
Dungeon (15/15) Zot: 24761  Temple (0/1) D:5            Lair (5/5) D:9 Zot: 22627
 Shoals (0/4) Lair:3        Snake (1/4) Lair:2 Zot: 5315   Slime (0/5) Lair:5
    Orc (2/2) D:12 Zot: 10385     Elf (0/3) Orc:2        Vaults (0/5) D:13
 Depths (0/4) D:15

Altars:
Cheibriados
Dithmenos
Hepliaklqana
Qazlal
Ru
Sif Muna
Uskayaw
Vehumet
Zin
The Shining One

Shops:
D:2 ((   D:7 =   D:12 (   Orc:2 [(*!(   Snake:1 *

Annotations:
D:12 1 runed translucent door, strategineer's ghost, journeyman OpHW
Snake:1 1 transporter, Keedach's ghost, journeyman DsBe
Orc:2 3 runed translucent doors, Jackthecabe's ghost, journeyman TeAE; valliere's ghost, journeyman GnWn

S##..# ...#. ... ##...# #....
... .....# #...# .. ....##
#...#.. ...## ##### ...#.
...####...# ... ##...##...#
#.#. .# #...8.....#### #)# . .
. #.##>#.......# #@# .###
.##.. #.8.∩.8...##.###N##
..###.....
####......#.......###.....N..S
#8.#####...###.†((((#...# #..#
#...# ##..##(((### #### #####
##........# ###....#....
###### .


You could see a naga.


Message History

The naga shouts!
The large rock {=fthrowing} hits the naga!!!
You kill the naga!
Trog accepts your kill.
You hear an angry hiss.
The naga sharpshooter spits poison at you.
The splash of poison misses you.
You throw a large rock {=fthrowing}.
The large rock {=fthrowing} hits the naga sharpshooter!!!
You kill the naga sharpshooter!
Trog accepts your kill.
Trog appreciates your killing of a magic user.
Unknown command.
You throw a large rock {=fthrowing}.
The large rock {=fthrowing} hits the shock serpent!
You hear a shout!
A naga comes into view. It is wielding a +0 war axe.
You throw a large rock {=fthrowing}.
The large rock {=fthrowing} barely misses the shock serpent.
Unknown command.
You throw a large rock {=fthrowing}.
The large rock {=fthrowing} hits the shock serpent!
The shock serpent's electric aura discharges, shocking you!
The shock serpent closely misses you.
You completely miss the shock serpent.
The shock serpent shoots out a bolt of lightning at you!
The bolt of electricity hits you! x2; The shock serpent barely misses you.
The naga hits you from afar with a +0 glaive!
Unknown command.
A red film seems to cover your vision as you go berserk!
You feel yourself moving faster!
You feel mighty! The shock serpent bites you. The shock serpent shocks you!
The naga closely misses you.
You barely miss the shock serpent. The shock serpent bites you!
The shock serpent shocks you!
A naga comes into view. It is wielding a +0 trident.
The naga shouts!
You bludgeon the shock serpent!! You burn the shock serpent.
The shock serpent's electric aura discharges, shocking you!
The shock serpent shoots out a bolt of lightning at you!
The bolt of electricity hits you! The bolt of electricity hits you!!
* * * LOW HITPOINT WARNING * * *
The naga spits poison at you. The splash of poison misses you.
You puncture the shock serpent! You burn the shock serpent.
You kill the shock serpent!
Trog accepts your kill.
The naga hits you from afar with a +0 glaive!!
* * * LOW HITPOINT WARNING * * *
The naga hits you with a +0 glaive!!
* * * LOW HITPOINT WARNING * * *
The naga grabs you. The naga constricts you.
* * * LOW HITPOINT WARNING * * *
You crush the naga like a grape!!! You burn the naga!
You kill the naga!
Trog accepts your kill.
You see here a +0 glaive {polearm}.
You feel a strong urge to attack something.
The naga hits you with a +0 trident!
* * * LOW HITPOINT WARNING * * *
The naga closely misses you.
You impale the naga!! You burn the naga!
You kill the naga!
Trog accepts your kill.
Unknown command.
You are no longer berserk.
You are exhausted.
You feel yourself slow down.
Things that are here:
a +0 trident {polearm}; a naga corpse The naga hits you with a +0 war axe!!
* * * LOW HITPOINT WARNING * * *
The naga grabs you. The naga constricts you.
* * * LOW HITPOINT WARNING * * *
You completely miss the naga. The naga spits poison at you.
The splash of poison misses you. The naga constricts you.
* * * LOW HITPOINT WARNING * * *
The naga barely misses you. The naga constricts you.
* * * LOW HITPOINT WARNING * * *
You barely miss the naga. The naga barely misses you. The naga constricts you.
* * * LOW HITPOINT WARNING * * *
You barely miss the naga. The naga barely misses you. The naga constricts you.
* * * LOW HITPOINT WARNING * * *
The naga hits you with a +0 war axe!!
* * * LOW HITPOINT WARNING * * *
The naga constricts you.
* * * LOW HITPOINT WARNING * * *
You barely miss the naga. The naga hits you with a +0 war axe.
* * * LOW HITPOINT WARNING * * *
The naga constricts you.
* * * LOW HITPOINT WARNING * * *
Unknown command.
Your skin crawls.
You feel strong-willed. The naga barely misses you. The naga constricts you.
* * * LOW HITPOINT WARNING * * *
The naga hits you with a +0 war axe!
You die...

Skill      XL: |  1  2  3  4  5  6  7  8  9 10 11 12 13 14 15 |
---------------+----------------------------------------------+-----
Maces & Flails | 3 4 5 6 7 9 10 12 13 14 15 | 15.6
Fighting       | 5 6 7 9 10 13 17 18 19 20 22 | 22.4
Ranged Weapons | 1 2 |  2.0
Throwing       | 5 10 11 13 14 | 14.9
Dodging        | |  2.6

Action                   |  1- 3 |  4- 6 |  7- 9 | 10-12 | 13-15 | 16-18 || total
-------------------------+-------+-------+-------+-------+-------+-------++-------
Melee: Mace              |    66 |    16 |       |       |       |       ||    82
       Punch             |     1 |       |     1 |       |       |       ||     2
       Flail             |       |     8 |   114 |       |       |       ||   122
       Dire flail        |       |       |    27 |   540 |   446 |       ||  1013
       Great mace        |       |       |       |       |   182 |       ||   182
       Giant spiked club |       |       |       |       |   194 |    48 ||   242
 Fire: Sling             |    13 |    94 |   191 |   302 |   113 |       ||   713
Throw: Stone             |     8 |       |       |       |     1 |       ||     9
       Large rock        |       |       |       |       |    21 |    14 ||    35
       Dart              |       |       |       |       |    26 |       ||    26
       Boomerang         |       |       |       |       |   147 |       ||   147
Invok: Berserk           |     2 |     1 |     8 |     9 |    12 |     2 ||    34
       Trog's Hand       |       |     1 |     3 |     1 |       |     1 ||     6
       Brothers in Arms  |       |       |       |     1 |       |       ||     1
  Use: Scroll            |     3 |       |     9 |    14 |    13 |       ||    39
       Potion            |       |       |     1 |     4 |     1 |       ||     6
 Stab: Invisible         |       |       |     3 |     1 |       |       ||     4
Armor: Animal skin       |    21 |    15 |    55 |       |       |       ||    91
       Robe              |       |       |     8 |   304 |   311 |       ||   623
       Troll leather arm |       |       |       |       |   120 |     4 ||   124
Dodge: Dodged            |    34 |    14 |    77 |   322 |   417 |    24 ||   888

Levels and vault maps discovered:
D:1:      erik_arrival_orb_chamber, layout_rooms,
          shapermc_ecumenical_altar_notcrosses
D:2:      layout_basic, basic_altar, serial_shops, nicolae_shop_waterfront,
          shop, minmay_misc_feat_plants, kennysheep_jessica_study
D:3:      layout_basic, nicolae_concentric_dashed_squares_wild,
          chequers_serial_rivers_large_a, grunt_ministairs_11,
          chequers_decorated_corner, kennysheep_generic_room_7,
          uniq_crazy_yiuf_cottage, uniq_jessica
D:4:      minmay_opposing_rooms, layout_basic, amcnicky_altar_gilded,
          hangedman_decor_riveting, uniq_edmund
D:5:      layout_rooms, minmay_temple_entry_overgrown, uniq_ijyb
D:6:      layout_basic, mainiacjoe_overflow_tiny_flanked,
          nicolae_vehumet_altar_sigil, gammafunk_ghost_necromancy,
          hangedman_abyss_or_decor_lesser_grid, uniq_grinder, uniq_blork_the_orc
D:7:      layout_gridville, nicolae_overflow_crystal_walls,
          mainiacjoe_overflow_catwalk, serial_shops, nicolae_shop_behind_doors,
          uniq_joseph, uniq_prince_ribbit1
D:8:      layout_basic, kennysheep_mini_moat, minmay_gold_behind_fungi
D:9:      layout_basic, due_lair_maze_entry_diamond, uniq_erica
D:10:     layout_cave_pools, lemuel_crystal_altar
D:11:     layout_irregular_city, serial_column_ruins, column_ruins_open_tiny,
          column_ruins_columns_straight, column_ruins_columns_straight
D:12:     layout_basic, orc_david_3, ebering_ghost_inner_flame
D:13:     layout_rooms, david_vaults_2
D:14:     layout_grid_maze, nrook_mini_vaults, minmay_misc_feat_roman,
          cheibrodos_worm_habitat
D:15:     grunt_enter_depths_snipers, layout_small_grid,
          nicolae_ru_path_of_blood, nicolae_trove_entry_crossroad, uniq_rupert
Lair:1:   layout_regular_city, dreamdust_gnoll_shepherd, lemuel_fruit_fields
Lair:2:   layout_cellular_growth, dummy_snake_entry, grunt_megastairs_5
Lair:3:   layout_regular_city, minmay_shoals_entry_lonely_mermaid,
          nicolae_lair_grazing_beasts [nicolae_sub_lair_graze_edge,
          nicolae_sub_lair_graze_edge, nicolae_sub_lair_graze_edge,
          nicolae_sub_lair_graze_edge], infiniplex_staircase_pool
Lair:4:   layout_gridlike, beast_lair_carwin_1, lemuel_fruit_tree,
          serial_bayou_shore_a, grunt_megastairs_3
Lair:5:   evilmike_catoblepas_cave, layout_big_grid, slime_entry_1,
          chequers_serial_rivers_micro_c
Snake:1:  kennysheep_six_static_rooms, layout_misc_corridors,
          gammafunk_ghost_arena, serial_shops, nicolae_shop_statue_plus,
          st_stairs_11, uniq_jorgrun
Orc:1:    layout_diamond_mine
Orc:2:    st_orc_open, layout_caves, gammafunk_ghost_cemetery, serial_shops,
          shop_statue

Notes
Turn   | Place    | Note
-------+----------+-------------------------------------------
     0 | D:1      | Sobieck the Ogre Berserker began the quest for the Orb.
     0 | D:1      | Reached XP level 1. HP: 24/24 MP: 1/1
    22 | D:1      | You pick up a book of Necromancy {forbidden} and begin
                  | reading...
    22 | D:1      | You add the spells Necrotise, Vampiric Draining and Agony
                  | to your library.
   288 | D:1      | Reached XP level 2. HP: 27/33 MP: 2/2
   372 | D:1      | Reached skill level 3 in Maces & Flails
   473 | D:1      | Found a faded altar of an unknown god.
   663 | D:1      | Reached XP level 3. HP: 35/41 MP: 3/3
  1062 | D:2      | You pick up a book of Armaments {forbidden} and begin
                  | reading...
  1062 | D:2      | You add the spells Stone Arrow, Animate Armour and
                  | Lehudib's Crystal Spear to your library.
  1094 | D:2      | Identified the +8 sling of Fetiy {speed, MP+9 Int+2}
  1184 | D:2      | Reached skill level 5 in Fighting
  1207 | D:2      | Reached ** piety under Trog
  1213 | D:2      | Noticed Jessica
  1221 | D:2      | Killed Jessica
  1222 | D:2      | Reached XP level 4. HP: 50/50 MP: 4/4
  1440 | D:2      | Found a stormy altar of Qazlal.
  1523 | D:2      | Found Ocuan's Weapon Boutique.
  1558 | D:2      | Found Vinnir's Weapon Shop.
  1749 | D:3      | You fall into a shaft and drop 3 floors!
  1771 | D:6      | Noticed a sky beast
  1782 | D:6      | Killed a sky beast
  1783 | D:6      | Reached skill level 6 in Fighting
  1783 | D:6      | Reached skill level 4 in Maces & Flails
  1783 | D:6      | Reached XP level 5. HP: 59/59 MP: 5/5
  1901 | D:6      | Found a shimmering blue altar of Sif Muna.
  1958 | D:5      | Entered Level 5 of the Dungeon
  1984 | D:4      | Reached XP level 6. HP: 68/68 MP: 6/6
  2340 | D:3      | Found a runed translucent door.
  2341 | D:3      | Noticed Crazy Yiuf
  2416 | D:3      | Reached skill level 7 in Fighting
  2492 | D:3      | You pick up a book of Changes {forbidden} and begin
                  | reading...
  2492 | D:3      | You add the spells Beastly Appendage, Wereblood and Spider
                  | Form to your library.
  2531 | D:3      | You pick up a book of Spectacle {forbidden} and begin
                  | reading...
  2531 | D:3      | You add the spells Dazzling Flash, Iskenderun's Mystic
                  | Blast and Starburst to your library.
  3108 | D:3      | Reached *** piety under Trog
  3387 | D:4      | Noticed a black bear
  3391 | D:4      | Killed a black bear
  3392 | D:4      | Reached skill level 5 in Maces & Flails
  3392 | D:4      | Reached skill level 1 in Ranged Weapons
  3401 | D:4      | Found a glowing golden altar of the Shining One.
  3422 | D:4      | Reached XP level 7. HP: 78/78 MP: 7/7
  3443 | D:4      | You add the spells Conjure Flame, Ignite Poison and Sticky
                  | Flame to your library.
  3573 | D:4      | You pick up a book of Blood {forbidden} and begin
                  | reading...
  3573 | D:4      | You add the spells Sublimation of Blood and Summon Hydra to
                  | your library.
  3699 | D:4      | Reached skill level 2 in Ranged Weapons
  3804 | D:4      | Noticed Edmund
  3821 | D:4      | Killed Edmund
  3822 | D:4      | Reached skill level 8 in Fighting
  4634 | D:5      | Noticed a troll
  4644 | D:5      | Noticed Ijyb
  4650 | D:5      | Killed a troll
  4651 | D:5      | Reached skill level 9 in Fighting
  4651 | D:5      | Reached skill level 6 in Maces & Flails
  4651 | D:5      | Reached XP level 8. HP: 80/92 MP: 8/8
  4659 | D:5      | Killed Ijyb
  4752 | D:5      | Found a staircase to the Ecumenical Temple.
  5332 | D:6      | Noticed Grinder
  5343 | D:6      | Noticed Blork the orc
  5467 | D:6      | Reached skill level 10 in Fighting
  5467 | D:6      | Reached skill level 7 in Maces & Flails
  5776 | D:6      | Found a runed translucent gate.
  5776 | D:6      | Found a runed translucent gate.
  5777 | D:6      | Found a runed translucent gate.
  5781 | D:6      | Noticed a spectral unseen horror
  5881 | D:5      | Reached XP level 9. HP: 100/102 MP: 9/9
  6075 | D:6      | Killed Blork the orc
  6095 | D:6      | Reached skill level 11 in Fighting
  6379 | D:6      | Found a radiant altar of Vehumet.
  6508 | D:6      | Noticed a spectral unseen horror
  6508 | D:6      | Noticed pigah's ghost (novice OpAE)
  6551 | D:6      | Killed Grinder
  6552 | D:6      | Reached skill level 8 in Maces & Flails
  6707 | D:7      | Noticed Joseph
  6720 | D:7      | Killed Joseph
  6828 | D:7      | Reached skill level 12 in Fighting
  6847 | D:7      | Found a hide-covered altar of Uskayaw.
  6867 | D:7      | Found a shadowy altar of Dithmenos.
  6939 | D:7      | Found Eriwyth's Jewellery Emporium.
  6955 | D:7      | Noticed Prince Ribbit
  6972 | D:7      | Killed Prince Ribbit
  7042 | D:7      | Reached skill level 9 in Maces & Flails
  7057 | D:7      | Reached skill level 13 in Fighting
  7057 | D:7      | Reached XP level 10. HP: 105/119 MP: 1/10
  7215 | D:7      | You add the spells Malign Gateway and Summon Horrible
                  | Things to your library.
  7444 | D:7      | Reached skill level 14 in Fighting
  7775 | D:8      | Reached **** piety under Trog
  7987 | D:8      | You pick up a book of Minor Magic {forbidden} and begin
                  | reading...
  7987 | D:8      | You add the spells Magic Dart, Call Imp and Mephitic Cloud
                  | to your library.
  8009 | D:8      | Found a glowing silver altar of Zin.
  8344 | D:8      | Noticed a two-headed ogre
  8353 | D:8      | Killed a two-headed ogre
  8354 | D:8      | Reached skill level 15 in Fighting
  8477 | D:8      | Identified the +1 hand axe of Terra Cotta {flame, Int+6}
  8915 | D:8      | Reached skill level 16 in Fighting
  9174 | D:9      | You pick up a book of Touch {forbidden} and begin
                  | reading...
  9174 | D:9      | You add the spells Static Discharge and Dispel Undead to
                  | your library.
  9185 | D:9      | Noticed Erica
  9219 | D:9      | HP: 48/192 [something (8)]
  9221 | D:9      | Killed Erica
  9222 | D:9      | Reached skill level 17 in Fighting
  9224 | D:9      | HP: 47/196 [poisoned by Erica (bolt of poison)]
  9353 | D:9      | Reached XP level 11. HP: 114/139 MP: 11/11
  9414 | D:9      | Reached skill level 1 in Throwing
  9581 | D:9      | Reached skill level 2 in Throwing
  9942 | D:9      | Reached skill level 3 in Throwing
 10011 | D:9      | Found a staircase to the Lair.
 10339 | D:10     | Entered Level 10 of the Dungeon
 10483 | D:10     | Reached skill level 4 in Throwing
 10576 | D:9      | Reached ***** piety under Trog
 10605 | D:10     | You add the spells Sandblast, Sting, Ice Form and Eringya's
                  | Noxious Bog to your library.
 10605 | D:10     | Got the Parchment of Permutations and Clay {forbidden}
 10671 | D:10     | Reached skill level 10 in Maces & Flails
 10741 | D:10     | Found a hazy altar of Hepliaklqana.
 10917 | D:10     | Reached skill level 18 in Fighting
 11075 | D:11     | Noticed a seven-headed hydra
 11199 | D:10     | Reached skill level 5 in Throwing
 11301 | D:11     | Noticed a manticore
 11310 | D:11     | Killed a manticore
 11467 | D:11     | Reached XP level 12. HP: 125/150 MP: 12/12
 11542 | D:11     | Killed a seven-headed hydra
 11543 | D:11     | Reached skill level 6 in Throwing
 11754 | D:11     | Received a gift from Trog
 12056 | D:11     | You pick up a book of Transfigurations {forbidden@e2} and
                  | begin reading...
 12056 | D:11     | You add the spells Irradiate, Blade Hands and Dragon Form
                  | to your library.
 12138 | D:11     | Reached skill level 11 in Maces & Flails
 12396 | D:11     | Reached skill level 7 in Throwing
 13190 | D:12     | Found a staircase to the Orcish Mines.
 13208 | D:12     | Reached skill level 8 in Throwing
 13234 | D:12     | Noticed a two-headed ogre
 13246 | D:12     | Killed a two-headed ogre
 13247 | D:12     | Found Zuukk's Weapon Boutique.
 13452 | D:12     | Found a runed translucent door.
 13452 | D:12     | Noticed a tengu reaver
 13455 | D:12     | Noticed strategineer's ghost (journeyman OpHW)
 13882 | D:12     | Reached skill level 12 in Maces & Flails
 14080 | Lair:1   | Entered Level 1 of the Lair of Beasts
 14116 | Lair:1   | Reached skill level 9 in Throwing
 14238 | Lair:1   | Noticed a six-headed hydra
 14361 | Lair:1   | Killed a six-headed hydra
 14362 | Lair:1   | Reached skill level 10 in Throwing
 14553 | Lair:1   | Reached XP level 13. HP: 158/158 MP: 13/13
 14617 | Lair:1   | You add the spells Borgnjor's Vile Clutch and Alistair's
                  | Intoxication to your library.
 14617 | Lair:1   | Got the Almanac of Shifting Earth {forbidden}
 16160 | Lair:2   | Found a staircase to the Snake Pit.
 16405 | Lair:3   | You fall into a shaft and drop 2 floors!
 16405 | Lair:5   | Entered Level 5 of the Lair of Beasts
 16659 | Lair:3   | You pick up a book of the Earth {forbidden} and begin
                  | reading...
 16659 | Lair:3   | You add the spells Leda's Liquefaction, Lee's Rapid
                  | Deconstruction and Statue Form to your library.
 16663 | Lair:3   | You pick up a book of Blasting {forbidden} and begin
                  | reading...
 16671 | Lair:3   | Noticed a dire elephant
 16706 | Lair:3   | Killed a dire elephant
 17129 | Lair:3   | Reached skill level 11 in Throwing
 17338 | Lair:3   | Reached skill level 19 in Fighting
 17651 | Lair:3   | Found a staircase to the Shoals.
 17720 | Lair:3   | Reached skill level 13 in Maces & Flails
 18034 | Lair:4   | You pick up a book of Death {forbidden} and begin
                  | reading...
 18034 | Lair:4   | You add the spells Animate Dead, Haunt and Infestation to
                  | your library.
 18250 | Lair:4   | Reached XP level 14. HP: 160/172 MP: 14/14
 18510 | Lair:4   | You pick up a book of Necromancy {forbidden} and begin
                  | reading...
 19153 | Lair:5   | Reached skill level 12 in Throwing
 19162 | Lair:5   | Found a staircase to the Slime Pits.
 19403 | Lair:5   | Received a gift from Trog
 19419 | Lair:5   | Reached skill level 20 in Fighting
 20250 | Lair:5   | Reached skill level 14 in Maces & Flails
 21012 | Orc:1    | Entered Level 1 of the Orcish Mines
 21573 | Orc:2    | Entered Level 2 of the Orcish Mines
 21586 | Orc:2    | Reached skill level 13 in Throwing
 21711 | Orc:2    | Found Tummuf's Distillery.
 21895 | Orc:2    | Received a gift from Trog
 21945 | Orc:2    | Reached XP level 15. HP: 185/185 MP: 15/15
 22009 | Orc:2    | Reached skill level 21 in Fighting
 22310 | Orc:2    | Found Togirack's Antique Weapon Emporium.
 22321 | Orc:2    | Found Teecwura's Antique Weapon Shop.
 22323 | Orc:2    | Found Ytiusiura's Assorted Antiques.
 22416 | Orc:2    | Found a staircase to the Elven Halls.
 22432 | Orc:2    | Found a runed translucent gate.
 22432 | Orc:2    | Found a runed translucent gate.
 22433 | Orc:2    | Found a runed translucent gate.
 22436 | Orc:2    | Noticed Jackthecabe's ghost (journeyman TeAE)
 22436 | Orc:2    | Noticed valliere's ghost (journeyman GnWn)
 22574 | Orc:2    | Found Ciojuj's Armour Shop.
 22824 | D:13     | Found a gate to the Vaults.
 22830 | D:13     | Identified the +2 leather armour of the Seven Servitors
                  | {Int+3 Stlth-}
 23670 | D:14     | Reached skill level 14 in Throwing
 23882 | D:14     | Identified the +1 leather armour "Ineow" {rElec}
 23886 | D:14     | Identified the +1 leather armour "Hero's Friend" {rPois
                  | rC+++ Dex-2}
 23942 | D:14     | Found a snail-covered altar of Cheibriados.
 24046 | D:14     | Received a gift from Trog
 24047 | D:14     | Reached skill level 15 in Maces & Flails
 24324 | D:15     | Entered Level 15 of the Dungeon
 24337 | D:15     | Found a portal to a secret trove of treasure.
 24341 | D:15     | This trove needs the war axe "Kaace" to function. Give it
                  | the item?
 24600 | D:2      | Bought the +11 war axe "Kaace" {vorpal, Drain rElec rC+++
                  | rCorr} for 1489 gold pieces
 24862 | D:15     | This trove needs the war axe "Kaace" to function. Give it
                  | the item?
 24925 | D:15     | This trove needs the war axe "Kaace" to function. Give it
                  | the item?
 24925 | D:15     | This trove needs the war axe "Kaace" to function. Give it
                  | the item?
 24925 | D:15     | You paid a toll of the war axe "Kaace" to enter a treasure
                  | trove
 24926 | Trove    | Entered a treasure trove
 24932 | Trove    | Identified the ring "Izuaxzeuxo" {rCorr SInv}
 24934 | Trove    | Identified the ring of the Tempest {Fire rPois rN+ Str+3
                  | Stlth-}
 24936 | Trove    | Identified the ring "Camavvet" {Drain +Blink rPois rF+++
                  | rC-}
 24943 | Trove    | Identified the ring of the Cast Vote {Contam rF+ rC+ rN+
                  | rCorr}
 24945 | Trove    | Identified the ring "Birauto" {Fire rN+}
 24947 | Trove    | Identified the ring of Curiosity {Ice Will+ Int+3}
 24949 | Trove    | Identified the ring of Due Proportion {rF- rC+ rCorr Str+2}
 24951 | Trove    | Identified the amulet of Gluttony {RegenMP +Blink Dex+4}
 25006 | D:15     | Found a staircase to the Depths.
 25217 | D:15     | HP: 39/189 [eight-headed hydra (14)]
 25218 | D:15     | HP: 18/283 [eight-headed hydra (8)]
 25455 | D:15     | Noticed Rupert
 25463 | D:15     | Paralysed by Rupert for 4 turns
 25467 | D:15     | Killed Rupert
 25502 | D:15     | Reached skill level 22 in Fighting
 25915 | D:15     | Found a sacrificial altar of Ru.
 26199 | D:3      | Killed Crazy Yiuf
 26273 | D:6      | Killed pigah's ghost
 26619 | Snake:1  | Entered Level 1 of the Snake Pit
 26756 | Snake:1  | Reached XP level 16. HP: 109/200 MP: 16/16
 26757 | Snake:1  | HP: 72/300 [guardian serpent (17)]
 26762 | Snake:1  | HP: 58/300 [poisoned by a naga warrior (splash of poison)]
 26765 | Snake:1  | HP: 20/300 [naga warrior/+0 glaive (14)]
 26771 | Snake:1  | HP: 13/200 [poisoned by a naga warrior (splash of poison)]
 27036 | Snake:1  | Noticed Keedach's ghost (journeyman DsBe)
 27063 | Snake:1  | Found a transporter.
 27064 | Snake:1  | Noticed a nagaraja
 27084 | Snake:1  | Killed a nagaraja
 27189 | Snake:1  | Found Nenola Dezid's General Store.
 27275 | Snake:1  | HP: 46/201 [naga/+0 war axe (23)]
 27278 | Snake:1  | HP: 19/201 [naga/+0 war axe (19)]
 27279 | Snake:1  | HP: 8/201 [constriction (4)]
 27280 | Snake:1  | Slain by a naga

Vanquished Creatures
  Rupert (D:15)
  A nagaraja (Snake:1)
  A stone giant (D:15)
  A dire elephant (Lair:3)
  2 ogre magi (Orc:2)
  4 boulder beetles
  12 hydras
  4 catoblepae
  An anaconda (Snake:1)
  11 two-headed ogres
  Erica (D:9)
  3 naga warriors (Snake:1)
  12 death yaks
  2 naga sharpshooters (Snake:1)
  2 tengu warriors (D:15)
  A shock serpent (Snake:1)
  2 deep trolls (Orc:2)
  The ghost of pigah the Zephyrmancer, a novice OpAE (D:6)
  2 deep elf pyromancers
  3 orc sorcerers
  2 orc knights
  A mana viper (Snake:1)
  An oklob plant (Lair:3)
  13 ugly things
  A salamander (Snake:1)
  7 manticores
  A guardian serpent (Snake:1)
  A merfolk siren (Lair:3)
  7 black mambas
  Joseph (D:7)
  5 cyclopes
  8 elephants (Lair:3)
  A naga mage (Snake:1)
  A torpor snail (Lair:4)
  2 gargoyles
  4 cane toads
  An efreet (D:14)
  An unseen horror (D:11)
  An unseen horror zombie (D:6)
  A freezing wraith (D:15)
  2 kobold demonologists
  5 komodo dragons
  2 spectral unseen horrors (D:6)
  A tengu conjurer (D:13)
  16 trolls
  A troll (shapeshifter) (D:15)
  3 meliai (D:14)
  A hornet (D:9)
  Prince Ribbit (D:7)
  A wolf spider simulacrum (D:14)
  A meliai (shapeshifter) (D:13)
  3 polar bears
  Grinder (D:6)
  5 blink frogs (Lair:4)
  6 slime creatures
  A centaur simulacrum (D:14)
  2 vampires (D:13)
  A shadow (D:10)
  3 wraiths
  6 wyverns
  54 yaks
  4 basilisks
  A human (shapeshifter) (D:13)
  20 vampire mosquitoes
  A steam dragon (D:8)
  Edmund (D:4)
  6 nagas (Snake:1)
  An acid dragon (D:11)
  18 water moccasins
  A floating eye (shapeshifter) (D:13)
  A sky beast (D:6)
  19 orc warriors
  6 black bears
  3 ice beasts (D:7)
  27 ogres
  15 wolves
  7 centaurs
  2 kobold brigands
  Blork the orc (D:6)
  9 bullfrogs
  3 necrophages
  A scorpion (D:6)
  4 killer bees (D:9)
  3 electric eels
  6 howler monkeys
  4 jellies
  Crazy Yiuf (D:3)
  13 orc priests
  Jessica (D:2)
  Ijyb (D:5)
  4 gnoll boudas
  4 iguanas
  14 orc wizards
  15 gnolls
  4 adders
  A shadow imp (D:4)
  A white imp (D:8)
  2 ufetubi
  3 worms
  68 orcs
  8 ball pythons
  6 bats
  7 endoplasms
  4 giant cockroaches
  9 goblins
  7 hobgoblins
  15 jackals
  16 kobolds
  6 quokkas
  3 frilled lizards
  4 rats
624 creatures vanquished.

Vanquished Creatures (collateral kills)
  A slime creature (D:12)
1 creature vanquished.

Vanquished Creatures (others)
  A bush (Lair:3)
  63 fungi
  121 plants
  5 toadstools (D:8)
  5 withered plants (Orc:2)
195 creatures vanquished.

Grand Total: 820 creatures vanquished

Table legend:
 A = Non-vault XP
 B = Vault XP
 C = Vault XP percentage of total XP
 D = Non-vault monster count
 E = Vault monster count
 F = Vault count percentage of total count
                 A         B        C        D         E       F
            +---------+---------+-------+---------+---------+-------
      Total |   88666 |   49118 |  35.6 |     478 |     147 |  23.5
            +---------+---------+-------+---------+---------+-------
        D:1 |      41 |       0 |   0.0 |      22 |       0 |   0.0
        D:2 |      33 |      39 |  54.2 |      17 |       2 |  10.5
        D:3 |     113 |      49 |  30.2 |      30 |       5 |  14.3
        D:4 |     458 |     288 |  38.6 |      20 |      11 |  35.5
        D:5 |     607 |      36 |   5.6 |       7 |       1 |  12.5
        D:6 |    1215 |    2161 |  64.0 |      27 |       6 |  18.2
        D:7 |    1742 |     767 |  30.6 |      23 |       2 |   8.0
        D:8 |    2533 |       0 |   0.0 |      26 |       0 |   0.0
        D:9 |    3525 |    2721 |  43.6 |      33 |      13 |  28.3
       D:10 |    3145 |       0 |   0.0 |      22 |       0 |   0.0
       D:11 |    4094 |       0 |   0.0 |      15 |       0 |   0.0
       D:12 |    7596 |       9 |   0.1 |      27 |       3 |  10.0
       D:13 |    3906 |     613 |  13.6 |       9 |       3 |  25.0
       D:14 |    8535 |       5 |   0.1 |      19 |       1 |   5.0
       D:15 |    9298 |    4517 |  32.7 |      21 |       4 |  16.0
     Lair:1 |    4874 |     663 |  12.0 |      18 |       4 |  18.2
     Lair:2 |    1319 |     266 |  16.8 |       8 |       1 |  11.1
     Lair:3 |    6743 |    5866 |  46.5 |      24 |      13 |  35.1
     Lair:4 |    5798 |    6031 |  51.0 |      11 |      21 |  65.6
     Lair:5 |    7156 |    8362 |  53.9 |      14 |      17 |  54.8
    Snake:1 |    9364 |    1823 |  16.3 |      18 |       3 |  14.3
      Orc:1 |    3425 |    1260 |  26.9 |      28 |       3 |   9.7
      Orc:2 |    3146 |   13642 |  81.3 |      39 |      34 |  46.6
            +---------+---------+-------+---------+---------+-------

Illustrated notes

Table legend:
 A = Kills in this place as a percentage of kills in entire the game.
 B = Kills by you in this place as a percentage of kills by you in the entire game.
 C = Kills by friends in this place as a percentage of kills by friends in the entire game.
 D = Other kills in this place as a percentage of other kills in the entire game.
 E = Experience gained in this place as a percentage of experience gained in the entire game.
 F = Experience gained in this place divided by the number of levels of this place that you have seen.
                   A       B       C       D       E      F
               +-------+-------+-------+-------+-------+----------------------
         Total | 100.0 | 100.0 | 100.0 |   N/A | 100.0 | 5741.0
       Dungeon |  59.0 |  59.0 | 100.0 |   N/A |  42.1 | 3869.7
          Lair |  21.0 |  21.0 |   0.0 |   N/A |  34.2 | 9415.6
     Snake Pit |   3.4 |   3.4 |   0.0 |   N/A |   8.1 | 11187.0
  Orcish Mines |  16.6 |  16.7 |   0.0 |   N/A |  15.6 | 10736.5
               +-------+-------+-------+-------+-------+----------------------

Table legend: (Time is in decaauts)
 A = Elapsed time spent in this place.
 B = Non-inter-level travel time spent in this place.
 C = Inter-level travel time spent in this place.
 D = Time resting spent in this place.
 E = Time spent auto-exploring this place.
 F = Levels seen in this place.
 G = Mean time per level.
                   A        B        C        D        E       F      G
               +--------+--------+--------+--------+--------+-----+--------+
         Total |  27221 |  24973 |   2248 |   3447 |  14759 |  24 | 1134.2 |
       Dungeon |  18245 |  16442 |   1803 |   1988 |  10634 |  15 | 1216.3 |
          Lair |   6635 |   6289 |    346 |    962 |   3255 |   5 | 1327.0 |
     Snake Pit |    683 |    683 |      0 |    286 |    189 |   1 |  683.0 |
  Orcish Mines |   1614 |   1517 |     97 |    211 |    680 |   2 |  807.0 |
         Trove |     42 |     42 |      0 |      0 |      0 |   1 |   42.0 |
               +--------+--------+--------+--------+--------+-----+--------+

Top non-repeatable levels by time:
    D:12: 1843 daAuts
     D:8: 1776 daAuts
     D:6: 1703 daAuts
  Lair:5: 1672 daAuts
     D:3: 1543 daAuts
  Lair:3: 1497 daAuts
     D:9: 1361 daAuts
     D:4: 1302 daAuts
    D:11: 1210 daAuts
    D:14: 1186 daAuts
  Lair:1: 1176 daAuts
  Lair:4: 1166 daAuts
  Lair:2: 1121 daAuts
    D:10: 1096 daAuts
    D:15: 1067 daAuts
